← All builds
Beach sea / Cortex / Economy first / OBSERVED BUILD

Standard beach sea

Cortex Beach sea build order · Supreme Isthmus

The role's usual play: com goes to sea to build a shipyard around 2 minutes, pumping frigates and destroyers to contest enemy sea entry or hold vision, with an advanced metal extractor around 10 minutes as the transition into the team's…

Usually shipyard first (93%)

#naval #eco · 1552 distinct matches · 206 players · 84% of Cortex Beach sea games · team won 55% of 1756 · Recently observed

HOW TO PLAY IT

Key timing: Shipyard by 1:56

  1. Open 3 mex, then send com to sea to build Shipyard by 1:56.
  2. Add tidal generators, wind and more mex to fund the shipyard.
  3. Pump Riptide first, then Oppressor to contest enemy sea entry.
  4. Get T2 constructor out to start scaling the naval economy.
  5. Transition into Advanced Metal Extractor as the economy phase begins.

Phase by phase

TYPICAL OF ITS 1552 GAMES
  1. 1
  2. 2
  3. 3
PLAY THE OPENING

Follow the example game's first 6:00 step by step: what to build now, what comes next, and where it goes. At 1× it keeps pace with your own game.

  1. 1

    Up to the Shipyard

    Economy
    • Metal Extractor3Mex
    • Wind Turbine3Windfor allies
    • Wind Turbine2Wind
    • Energy Storage1Energy storage
    Order
    1. ShipyardShipyard after 3 mex, 2 wind, 1 energy storagedone ~1:56, middle half 1:43–2:07

    By 1:39 in all: 3 mex · 2 wind · 1 energy storage

    The example game in this phase · 5 steps
    1. Mex ×3
    2. Wind ×3for Air
    3. GuardGuard
    4. Energy storage
    5. ShipyardShipyarddone 1:52 · typical 1:56
  2. 2

    Shipyard to 5:00

    Economy
    • Metal Extractor5Mex
    • Tidal Generator2Tidal
    Builders
    • Construction Ship2 Con ship
    Army
    • Riptide2 Frigate
    • Herring1 Missile corvette
    • Oppressor1 Destroyer
    Other
    • Naval Radar / Sonar Tower1 Naval Radar / Sonar Tower

    Some games also: Urchin (46%) · mex (38%) · wind (37%) · submarine (36%) · wind (36%)

    By 5:00 in all: 8 mex · 3 wind · 2 tidal · 1 energy storage

    The example game in this phase · 32 steps
    1. Tidal
    2. Construction ShipCon ship
    3. Tidal ×3
    4. Construction ShipCon ship
    5. Con turret
    6. SupporterGunboat
    7. Mex
    8. HerringMissile corvette
    9. Mex
    10. Wind
    11. HerringMissile corvette
    12. Mex
    13. Wind
    14. GuardGuard
    15. Wind
    16. Converter
    17. Mex
    18. Wind
    19. OrcaSubmarinedone 4:14
    20. Converter
    21. Wind
    22. Converter
    23. Mex
    24. Naval Radar / Sonar TowerNaval Radar / Sonar Tower
    25. Wind
    26. RiptideFrigatedone 4:40 · typical 3:50
    27. Wind ×3
    28. Mex
    29. Naval Radar / Sonar TowerNaval Radar / Sonar Tower
    30. RiptideFrigate
    31. Wind ×2
    32. Mex
  3. 3

    5:00 to 10:00

    Economy
    • Metal Extractor1Mex
    • Wind Turbine8Wind
    Builders
    • Construction Ship1 Con ship
    • Death Cavalry1 Death Cavalry
    Army
    • Urchin1 Urchin
    • Riptide5 Frigate
    • Oppressor2 Destroyer
    • Herring2 Missile corvette
    Other
    • Naval Radar / Sonar Tower1 Naval Radar / Sonar Tower

    Some games also: Naval Construction Turret (49%) · Guard (46%) · tidal (40%) · Radar Tower (39%) · wind (34%)

    By 10:00 in all: 9 mex · 10 wind · 4 wind · 4 tidal · 1 energy storage · 1 Naval Construction Turret

    The example game in this phase · 79 steps
    1. UrchinUrchin
    2. Wind
    3. UrchinUrchin
    4. Naval Radar / Sonar TowerNaval Radar / Sonar Tower
    5. RiptideFrigate
    6. Wind ×4
    7. Death CavalryDeath Cavalry
    8. Mex
    9. Wind
    10. Naval Radar / Sonar TowerNaval Radar / Sonar Tower
    11. Mex
    12. OppressorDestroyerdone 6:53 · typical 5:15
    13. Wind
    14. GuardGuard
    15. Dragon's MawDragon's Maw
    16. GuardGuard
    17. Wind
    18. RiptideFrigate
    19. Wind
    20. GuardGuard
    21. Wind ×2
    22. GuardGuard
    23. Construction ShipCon ship
    24. Wind
    25. Radar TowerRadar Tower
    26. ThistleThistle
    27. RiptideFrigate
    28. Wind
    29. HerringMissile corvette
    30. Wind
    31. RiptideFrigate
    32. Wind
    33. Death CavalryDeath Cavalry
    34. Wind
    35. OppressorDestroyer
    36. Wind ×2
    37. Dragon's MawDragon's Maw
    38. Wind
    39. RiptideFrigate
    40. Wind
    41. Construction ShipCon ship
    42. Dragon's MawDragon's Maw
    43. Wind
    44. Dragon's MawDragon's Maw
    45. RiptideFrigate
    46. HerringMissile corvette
    47. RiptideFrigate
    48. Death CavalryDeath Cavalry
    49. Dragon's MawDragon's Maw
    50. OppressorDestroyer
    51. RiptideFrigate
    52. Construction ShipCon ship
    53. RiptideFrigate
    54. HerringMissile corvette
    55. RiptideFrigate
    56. Naval Construction Turret
    57. Death CavalryDeath Cavalry
    58. Mex
    59. Naval Construction Turret ×2
    60. OppressorDestroyer
    61. Naval Construction Turret ×2
    62. Mex
    63. Naval Construction Turret
    64. Advanced ShipyardAdvanced Shipyarddone 12:10
    65. RiptideFrigate
    66. Construction ShipCon ship
    67. HerringMissile corvette
    68. ShipyardEat Shipyardreclaimed for its metal
    69. Naval Radar / Sonar TowerNaval Radar / Sonar Tower
    70. Advanced Construction SubAdvanced Construction Sub
    71. PathfinderPathfinder ×3
    72. OasisOasis
    73. Advanced Metal ExtractorT2 mexdone 14:06
    74. Naval Advanced Metal ExtractorNaval Advanced Metal Extractordone 13:48
    75. Naval Radar / Sonar TowerNaval Radar / Sonar Tower
    76. Construction ShipCon ship
    77. Naval Radar / Sonar TowerNaval Radar / Sonar Tower
    78. OasisOasis
    79. Naval Advanced Metal ExtractorNaval Advanced Metal Extractor

Counts are medians over the build's games: half of them build more, half fewer. The example game is Weebaro's (32 OS, 09/10/2026); pick another.

Team trades

IN AT LEAST 30% OF ITS GAMES

You hand over

  • Wind Turbine3 Wind to Airfirst at 1:46 · in 77% of games

You get

  • Finch1 Finch from Airfirst at 2:00 · in 80% of games
  • Lazarus1 Lazarus from Geofirst at 2:13 · in 63% of games
  • Hephaestus1 Heavy transport from Airfirst at 2:15 · in 65% of games
  • Construction Bot1 Con bot from Geofirst at 2:26 · in 70% of games
  • Hercules1 Light transport from Airfirst at 2:34 · in 32% of games
  • Advanced Construction Bot1 T2 con bot from Techfirst at 8:09 · in 89% of games

How it plays out

Typical game of this build, running totals by minute

Metal produced

010k20k30k
0:005:0010:0015:00

metal

Enemy metal destroyed

05k10k
0:005:0010:0015:00

metal

Own metal lost

02.5k5k7.5k
0:005:0010:0015:00

metal

1756 games.

Show as table
ByMetal produced: This buildEnemy metal destroyed: This buildOwn metal lost: This build
1:0040300
2:0093700
3:00155300
4:002539051
5:003717176103
6:005044484281
7:006488974599
8:00806916701013
9:00968326041541
10:001153737182343
11:001368547653112
12:001625058753910
13:001895468794652
14:002167279375711
15:002457688436529
WHAT THE NUMBERS SAY

Standard Beach sea play has the lowest team win rate of these builds and destroys far less enemy metal early than it loses eco time.

  • + Metal produced climbs to 24945 by 15:00, the highest of all six roles.
  • + Riptide and Oppressor together make 63% of army, a focused naval composition.
  • − Enemy metal destroyed is only 200 by 5:00, barely contesting early sea.
  • − T2 factory only reached in 35% of games, behind other roles' T2 timing.
THE EXAMPLE YOU ARE READING

Weebaro

31.5 OS · 09/10/2026

Open source match ↗

9 received units · includes a constructor
246 metal received · 82239 energy received

Allied construction assistance is unknown. Timings are observations, not a promise of solo reproducibility.

Typical milestones

Shipyard1:56Middle 50%: 1:43–2:07 · n=1753
Riptide3:50Middle 50%: 3:12–4:34 · n=1710
Oppressor5:15Middle 50%: 4:28–6:07 · n=1692
Advanced Metal Extractor9:59Middle 50%: 9:17–10:55 · n=1485

Played most by

EpicTyrannus120games of this buildDamsko69games of this buildKbot_my_Ahole67games of this buildWaboum64games of this buildPRO_HYDRA63games of this build